cohdb
Replays
Latest Replays
All Replays
Popular Replays
Top Player Replays
Match Explorer
How It Works
Community
CoH3 Stats
Reddit
Sign in to upload your games and track your stats! →
Sign in with Steam
Match 45889110
Unlisted
Match 45889110
Overview
Messages
Build Orders
End
Scout Squad
Engineer Squad
Engineer Squad
Construct Weapon Support Center
M1919 Machine Gun Team
Bazooka Squad
Infantry Support Center
M3 Armored Personnel Carrier
Construct Medical Station
Selects Special Operations Battlegroup
Selects Raiding Flares
M3 Armored Personnel Carrier
Selects SSF Commando Squad
SSF Commando Squad
Advanced Logistics
Selects Air Re-supply Operation
Air Re-Supply Operation
Construct Tank Depot
M18 Hellcat Tank Destroyer
SSF Commando Squad
Selects M29 Weasel Recon Vehicle
Selects P-47 Anti-Infantry Loiter
M4A1 Sherman Medium Tank
P-47 Anti-Infantry Loiter
Improved M9 Bazooka Rockets
Engineer Squad
SSF Commando Squad
P-47 Anti-Infantry Loiter
Nostalgi@
BamboneWertherone ITA
0
0
Comments
sign in to comment!
No comments posted yet!